 Dungeon Crawl Stone Soup version 0.30-a0-58-gc0703345a7 (webtiles) character file.

Game seed: 18290711774761857423

149 pokeman the Magician (level 5, -2/29 HPs)
             Began as a Deep Elf Hedge Wizard on Sept 11, 2022.
             Slain by Pikel
             ... wielding a +2 whip of electrocution
              (9 damage)
             ... on level 4 of the Dungeon.
             The game lasted 00:05:17 (3882 turns).

pokeman the Magician (Deep Elf Hedge Wizard)        Turns: 3882, Time: 00:05:17

Health: -2/29      AC:  4    Str:  7    XL:     5   Next: 9%
Magic:  4/15       EV: 13    Int: 21    God:
Gold:   108        SH:  0    Dex: 14    Spells: 5/16 levels left

rFire   + . .      SeeInvis .    g - +1 short sword (venom)
rCold   . . .      Faith    .    (no shield)
rNeg    + + .      Spirit   .    b - +0 robe
rPois   .          Reflect  .    p - +0 helmet
rElec   .          Harm     .    l - +0 cloak
rCorr   .          Rampage  .    (no gloves)
Will    +....                    (no boots)
Stlth   ++........               (no amulet)
HPRegen 0.09/turn                o - ring "Cavufy" {*Slow rF+ rN++ Will+}
MPRegen 0.14/turn                (no ring)

@: no status effects
A: no striking features
a: no special abilities


You were on level 4 of the Dungeon.
You visited 1 branch of the dungeon, and saw 4 of its levels.

You collected 108 gold pieces.

Inventory:

Hand Weapons
 c - a +0 sling
 g - a +1 short sword of venom (weapon)
Missiles
 s - a throwing net
Armour
 b - a +0 robe (worn)
 l - a +0 cloak (worn)
 p - a +0 helmet (worn)
 r - a +0 buckler
Magical Staves
 k - a staff of conjuration
Jewellery
 o - the ring "Cavufy" (left hand) {*Slow rF+ rN++ Will+}
   (You found it on level 2 of the Dungeon)

   [ring of willpower]

   rF:        It protects you from fire.
   rN:        It greatly protects you from negative energy.
   *Slow:     It may slow you when you take damage.
   Will:      It increases your willpower.
Scrolls
 f - a scroll of magic mapping {unknown}
 j - 3 scrolls of identify {unknown}
 m - a scroll of enchant weapon {unknown}
 n - a scroll of noise {unknown}
 t - a scroll of enchant armour {unknown}
 u - a scroll of brand weapon {unknown}
Potions
 a - 2 potions of attraction {unknown}
 d - 3 potions of magic
 e - a potion of curing {unknown}
 h - 2 potions of heal wounds {unknown}
 i - a potion of ambrosia {unknown}
 q - 2 potions of haste {unknown}
 v - 2 potions of lignification {unknown}


   Skills:
 - Level 1.0 Fighting
 - Level 1.0 Armour
 - Level 3.0 Dodging
 - Level 3.1 Stealth
 + Level 0.3 Shields
 * Level 6.0 Spellcasting
 + Level 2.4 Conjurations
 - Level 1.1 Summonings
 - Level 1.1 Translocations
 + Level 0.0 Evocations


You had 5 spell levels left.
You knew the following spells:

 Your Spells              Type           Power      Damage    Failure   Level
a - Magic Dart            Conj           64%        1d6       3%          1
b - Mephitic Cloud        Conj/Pois/Air  9%         N/A       21%         3
c - Call Imp              Summ           11%        N/A       10%         2
d - Blink                 Tloc           22%        N/A       10%         2
e - Conjure Flame         Conj/Fire      11%        6-21      17%         3

Your spell library contained the following spells:

 Spells                   Type           Power      Damage    Failure   Level
 Slow                     Hex            24%        N/A       10%         1


Dungeon Overview and Level Annotations

Branches:
Dungeon (4/15)
 Temple: D:4-7

Altars:
Ashenzari
Fedhas

Annotations:
D:4 Pikel


Message History

Casting: Conjure Flame (quite dangerous; 17% risk of failure)
Confirm with . or Enter, or press ? or * to list all spells.
The spell is quite dangerous to miscast (21% risk of failure)!
Continue anyway?
Aiming: Mephitic Cloud (quite dangerous; 21% risk of failure)
Press: ? - help, Shift-Dir - straight line, f - Pikel
Aim: Pikel, wielding a +2 whip of electrocution and wearing a +2 robe of resistance (chance to affect: 72%)
The ball explodes into a vile cloud!
The stinking cloud engulfs Pikel but does no damage.
You hear a shout!
Pikel is engulfed in noxious fumes.
You hear a howl!
Unknown command.
You closely miss Pikel.
Pikel is engulfed in blazing flames.
Pikel hits you with a +2 whip of electrocution.
Unknown command.
You closely miss Pikel.
Pikel is lightly wounded.
Pikel is engulfed in blazing flames.
Pikel hits you with a +2 whip of electrocution!
Unknown command.
You miss Pikel.
Pikel is moderately wounded.
Pikel is engulfed in blazing flames.
Pikel completely misses you.
Unknown command.
You barely miss Pikel.
Pikel is moderately wounded.
Pikel is engulfed in blazing flames.
Pikel hits you with a +2 whip of electrocution.
Unknown command.
You barely miss Pikel.
Pikel is heavily wounded.
Pikel is engulfed in blazing flames.
Pikel hits you with a +2 whip of electrocution.
* * * LOW HITPOINT WARNING * * *
Unknown command.
You hit Pikel.
Pikel is poisoned.
Pikel is severely wounded.
Pikel says, "You'll rust in Dis!"
Pikel hits you with a +2 whip of electrocution!
You die...

......# #.....##..........
#####.# #.#...##........#.. #
#♣≈♣#.###.#.###########.##..###
#i♣♣#).#..#.# ..##... .
#fx♣#....#..# ...#..#
#♣≈§#...##.## ##....#
#n§♣#...##.# #######.)#
#§.♣#..##..#
#####....)..#....K.
#♣§♣#...#.####..@K5#######
..5.> #♣§§#..........##### ....
#♣~♣#......##### ...
#§§♣#..#.### .. #♣≈§#.##.# .
#♣♣§####.#### #♣ ♣# #.....# #.♣
#.....# #≈§♣ #.....#


You could see Pikel (very poisoned) and a lemure.

Vanquished Creatures
  2 lemures (D:4)
  An iguana (D:4)
  Robin (D:2)
  3 adders
  A dart slug (D:4)
  2 orcs (D:3)
  4 bats
  8 endoplasms
  20 goblins
  11 hobgoblins
  2 jackals (D:1)
  4 quokkas
  5 ball pythons
  3 frilled lizards
  3 kobolds
  5 rats
75 creatures vanquished.

Vanquished Creatures (collateral kills)
  An orc (D:4)
1 creature vanquished.

Grand Total: 76 creatures vanquished

Notes
Turn   | Place    | Note
-------+----------+-------------------------------------------
     0 | D:1      | pokeman the Deep Elf Hedge Wizard began the quest for the
                  | Orb.
     0 | D:1      | Reached XP level 1. HP: 10/10 MP: 7/7
   314 | D:1      | Reached XP level 2. HP: 15/15 MP: 7/9
  1147 | D:2      | Found a blossoming altar of Fedhas.
  1217 | D:2      | Noticed Robin
  1219 | D:2      | Reached skill level 5 in Spellcasting
  1244 | D:1      | Reached XP level 3. HP: 17/20 MP: 1/11
  1248 | D:1      | Learned a level 3 spell: Mephitic Cloud
  1251 | D:1      | Learned a level 2 spell: Call Imp
  1254 | D:1      | Learned a level 2 spell: Blink
  1258 | D:1      | Learned a level 3 spell: Conjure Flame
  1345 | D:2      | Killed Robin
  1346 | D:2      | Reached skill level 1 in Armour
  1355 | D:2      | Reached skill level 1 in Fighting
  1794 | D:2      | Identified the ring "Cavufy" {*Slow rF+ rN++ Will+}
  1923 | D:2      | Reached XP level 4. HP: 25/25 MP: 7/13
  3489 | D:4      | Found a broken altar of Ashenzari.
  3493 | D:4      | Saw a vision of the Swamp and the Snake Pit.
  3493 | D:4      | Noticed a ghoul
  3495 | D:4      | Noticed a naga
  3495 | D:4      | Noticed a mana viper
  3495 | D:4      | Noticed a bunyip
  3495 | D:4      | Noticed a thorn hunter
  3495 | D:4      | Noticed a spriggan rider
  3496 | D:4      | Noticed a mana viper
  3514 | D:4      | Reached skill level 6 in Spellcasting
  3514 | D:4      | Reached XP level 5. HP: 12/29 MP: 11/15
  3725 | D:4      | Noticed Pikel
  3725 | D:4      | Noticed a lemure
  3725 | D:4      | Noticed a lemure
  3739 | D:4      | Killed a lemure
  3866 | D:4      | Noticed a lemure
  3873 | D:4      | Killed a lemure
  3882 | D:4      | Slain by Pikel

Illustrated notes

Levels and vault maps discovered:
D:1:      dpeg_arrival_erosion, layout_loops_cross
D:2:      minmay_skewed_foursquare, layout_basic, basic_altar, uniq_robin
D:3:      layout_basic, hex_intersection
D:4:      layout_rooms, grunt_ashenzari_visionary
          [grunt_ashenzari_visionary_swamp, grunt_ashenzari_visionary_snake],
          temple_pool_b, uniq_pikel, uniq_ijyb

Skill      XL: |  1  2  3  4 |
---------------+-------------+-----
Spellcasting   | 5 6 |  6.0
Armour         | 1 |  1.0
Fighting       | 1 |  1.0
Conjurations   | 2 |  2.4
Dodging        | 3 |  3.0
Stealth        | 3 |  3.1
Shields        | |  0.3
Summonings     | |  1.1
Translocations | |  1.1

Action                   |  1- 3 |  4- 6 || total
-------------------------+-------+-------++-------
Melee: Short sword       |    15 |    24 ||    39
 Cast: Magic Dart        |    84 |    53 ||   137
       Mephitic Cloud    |     1 |     4 ||     5
       Conjure Flame     |       |     3 ||     3
       Call Imp          |       |     1 ||     1
 Stab: Confused          |     2 |     1 ||     3
       Sleeping          |       |     2 ||     2
Armor: Robe              |     7 |     3 ||    10
Dodge: Dodged            |    22 |    16 ||    38

Table legend: (Time is in decaauts)
 A = Elapsed time spent in this place.
 B = Non-inter-level travel time spent in this place.
 C = Inter-level travel time spent in this place.
 D = Time resting spent in this place.
 E = Time spent auto-exploring this place.
 F = Levels seen in this place.
 G = Mean time per level.
                   A        B        C        D        E       F      G
               +--------+--------+--------+--------+--------+-----+--------+
         Total |   3891 |   3786 |    105 |    182 |   3150 |   4 |  972.8 |
       Dungeon |   3891 |   3786 |    105 |    182 |   3150 |   4 |  972.8 |
               +--------+--------+--------+--------+--------+-----+--------+

Top non-repeatable levels by time:
     D:2: 1244 daAuts
     D:1: 1087 daAuts
     D:3: 1027 daAuts
     D:4: 533 daAuts
